 Dungeon Crawl Stone Soup version 0.28.0 (webtiles) character file.

Game seed: 933267993922062200

17817 LustLizard the Cleaver (level 12, -11/105 HPs)
             Began as a Minotaur Berserker on Feb 15, 2022.
             Was a High Priest of Trog.
             Shot with an arrow by a deep elf archer (24 damage)
             ... on level 12 of the Dungeon.
             The game lasted 00:30:47 (15733 turns).

LustLizard the Cleaver (Minotaur Berserker)        Turns: 15733, Time: 00:30:47

Health: -11/105    AC: 26    Str: 26    XL:     12   Next: 22%
Magic:  11/11      EV:  3    Int:  4    God:    Trog [*****.]
Gold:   884        SH:  0    Dex: 11    Spells: 11/11 levels left

rFire   + . .      SeeInvis .   o - +0 broad axe
rCold   + . .      Faith    .   a - +0 kite shield
rNeg    . . .      Spirit   .   i - +5 gold dragon scales
rPois   +          Reflect  .   (helmet restricted)
rElec   .          Harm     .   I - +1 cloak
rCorr   .          Rampage  .   A - +0 pair of gloves
Will    .....                   m - +0 pair of boots
Stlth   ..........              (no amulet)
HPRegen 0.27/turn               y - +4 ring of protection
MPRegen 0.12/turn               g - ring of flight

@: confused, flying, slowed, studying Crossbows, very slow
A: horns 2, retaliatory headbutt
a: Renounce Religion, Berserk, Trog's Hand, Brothers in Arms


You were on level 12 of the Dungeon.
You worshipped Trog.
Trog was extremely pleased with you.
You visited 1 branch of the dungeon, and saw 12 of its levels.
You also visited: Bailey.

You collected 884 gold pieces.

Inventory:

Hand Weapons
 o - a +0 broad axe (weapon)
 s - a +2 whip of venom
Missiles
 e - 218 stones (quivered)
 w - 24 boomerangs
 E - 16 poisoned darts
Armour
 a - a +0 kite shield (worn)
 i - +5 gold dragon scales (worn)
 m - a +0 pair of boots (worn)
 A - a +0 pair of gloves (worn)
 I - a +1 cloak (worn)
Jewellery
 g - a ring of flight (right hand)
 y - a +4 ring of protection (left hand)
 D - a +6 ring of intelligence
Wands
 b - a wand of iceblast (25)
 r - a wand of paralysis (4)
 u - a wand of polymorph (3)
 H - a wand of acid (1)
Scrolls
 c - a scroll of identify
 d - a scroll of immolation {unknown}
 j - 2 scrolls of enchant weapon {unknown}
 n - 3 scrolls of holy word
 p - 2 scrolls of noise {unknown}
 q - a scroll of torment {unknown}
 t - a scroll of fog {unknown}
 v - 2 scrolls of magic mapping {unknown}
 B - 4 scrolls of blinking {unknown}
Potions
 f - 5 potions of curing
 h - a potion of resistance {unknown}
 k - 3 potions of cancellation
 l - 2 potions of mutation
 x - 4 potions of might
 z - 5 potions of flight
 C - 2 potions of attraction {unknown}
 G - a potion of brilliance {unknown}


   Skills:
 + Level 9.5 Fighting
 * Level 12.9 Axes
 * Level 10.5 Throwing
 - Level 2.4 Armour
 - Level 2.1 Dodging
 * Level 9.1 Shields
 * Level 8.4 Evocations


You had 11 spell levels left.
You didn't know any spells.
Your spell library was empty.

Dungeon Overview and Level Annotations

Branches:
Dungeon (12/15)            Temple (0/1) D:7            Lair (0/6) D:9
    Orc (0/2) D:12         Bailey (visited)

Altars:
Fedhas
Gozag
Nemelex Xobeh
Qazlal
Ru
Trog
Yredelemnul
Zin
The Shining One

Shops:
D:6 ***


Innate Abilities, Weirdness & Mutations

You have a pair of horns on your head.
You reflexively headbutt those who attack you in melee.


Message History

The deep elf archer wields a +3 shortbow.
The deep elf archer shoots an arrow.
You block the arrow.
The deep elf archer points at you and mumbles some strange words.
You feel yourself slow down.
You barely miss the deep elf archer.
Your headbutt misses the deep elf archer.
The deep elf archer is lightly wounded.
The deep elf archer unwields a +3 shortbow.
The deep elf archer wields a +0 quarterstaff.
The deep elf archer hits you with a +0 quarterstaff!
The deep elf archer hits you with a +0 quarterstaff.
You miss the deep elf archer.
The deep elf archer is lightly wounded.
The deep elf archer hits you but does no damage.
You hit the deep elf archer. You headbutt the deep elf archer!
The deep elf archer is heavily wounded.
The deep elf archer gestures wildly while chanting.
The deep elf archer blinks!
You block the deep elf archer's attack.
The deep elf archer mumbles some strange words.
The deep elf archer blinks!
The deep elf archer gestures wildly while chanting.
The deep elf archer blinks!
The deep elf archer unwields a +0 quarterstaff.
The deep elf archer wields a +3 shortbow.
The deep elf archer shoots an arrow.
The arrow hits you!
* * * LOW HITPOINT WARNING * * *
The deep elf archer gestures wildly while chanting.
The deep elf archer blinks!
You feel better.
The deep elf archer casts a spell at you.
You are confused.
You bump into the rock wall.
The deep elf archer shoots an arrow.
The arrow hits you!
* * * LOW HITPOINT WARNING * * *
The deep elf archer shoots an arrow.
The arrow hits you.
* * * LOW HITPOINT WARNING * * *
The deep elf archer shoots an arrow.
The arrow hits you!
* * * LOW HITPOINT WARNING * * *
The deep elf archer shoots an arrow.
The arrow hits you!!
You die...

#.####.####.##.#####....#.#
#.........(.##..........#.#
######.##############..##.#
................<...).....#
######.##############(##### #.#
#.........e.# #.# #.#......##.#
#.# #.#.......#.# .♣ #.#
#.#@####.##.# ≈≈♣ #.#
#.#.......#.# ≈≈.♣ ###
#......#..#.#
≈≈..♣♣♣♣♣♣♣♣♣#.........#.#
≈...♣....♣.P..######...#.#
./♣..♣..........Y......#.#
.......♣......######.#.#.#######
e§.e.....♣.♣.#.....#.#.#.......#
.[.♣♣♣♣♣♣♣♣♣♣#...#...#.#######.#


You could see a deep elf archer (repels missiles).

Vanquished Creatures
  A centaur warrior (D:12)
  3 two-headed ogres
  A deep elf knight (D:12)
  3 skeletal warriors
  An orc knight (Bailey)
  Pikel (D:5)
  An ugly thing (D:12)
  2 manticores (D:12)
  A cyclops (D:11)
  2 elephants (D:12)
  Maurice (D:9)
  2 kobold demonologists
  A tengu conjurer (D:9)
  3 trolls (D:11)
  A hornet (D:9)
  Grinder (D:6)
  2 meliai zombies
  Sigmund (D:3)
  A wraith (D:12)
  A wyvern (D:8)
  A human (D:4)
  A steam dragon (D:9)
  Edmund (D:5)
  3 wargs (D:9)
  An acid dragon (D:9)
  5 water moccasins
  13 orc warriors
  2 ice beasts (D:7)
  A black bear (D:7)
  A necrophage (D:4)
  4 ogres
  16 centaurs
  3 kobold brigands
  A lemure (D:5)
  3 gnoll sergeants
  4 bullfrogs
  A wyvern zombie (D:5)
  3 scorpions
  A water moccasin skeleton (D:5)
  4 wights (D:9)
  11 howler monkeys
  2 centaur zombies
  3 hounds
  3 jellies
  11 orc priests
  Crazy Yiuf (D:4)
  A bullfrog skeleton (D:5)
  A gnoll shaman (D:7)
  3 iguanas
  Natasha (thrice) (D:3)
  17 orc wizards
  A howler monkey zombie (D:8)
  A hound skeleton (D:5)
  15 gnolls
  10 adders
  2 shadow imps (D:7)
  A white imp (D:6)
  An ufetubus (D:5)
  An adder skeleton (D:4)
  A worm (D:3)
  2 dart slugs
  37 orcs
  4 ball pythons
  2 endoplasms (D:2)
  4 giant cockroaches
  15 goblins
  3 hobgoblins
  A quokka (D:3)
  3 bats
  2 frilled lizards
  17 kobolds
  5 rats
  2 bushes (D:10)
285 creatures vanquished.

Vanquished Creatures (others)
  2 kobolds (D:9)
  2 fungi (D:12)
4 creatures vanquished.

Grand Total: 289 creatures vanquished

Notes
Turn   | Place    | Note
-------+----------+-------------------------------------------
     0 | D:1      | LustLizard the Minotaur Berserker began the quest for the
                  | Orb.
     0 | D:1      | Reached XP level 1. HP: 19/19 MP: 0/0
   387 | D:1      | Reached skill level 4 in Axes
   387 | D:1      | Reached XP level 2. HP: 25/27 MP: 1/1
   828 | D:2      | Reached skill level 1 in Throwing
   864 | D:2      | Found a sacrificial altar of Ru.
   917 | D:2      | Reached XP level 3. HP: 21/33 MP: 2/2
  1537 | D:3      | Noticed Sigmund
  1576 | D:3      | Reached ** piety under Trog
  1603 | D:2      | Reached XP level 4. HP: 21/40 MP: 3/3
  1762 | D:3      | Killed Sigmund
  1763 | D:3      | Reached skill level 5 in Axes
  1763 | D:3      | Reached XP level 5. HP: 24/47 MP: 4/4
  1853 | D:3      | HP: 2/47 [orc wizard (4)]
  1855 | D:3      | Reached XP level 6. HP: 3/55 MP: 5/5
  1862 | D:3      | Reached skill level 6 in Axes
  2201 | D:3      | Reached skill level 5 in Fighting
  2516 | D:3      | Noticed Natasha
  2526 | D:3      | Killed Natasha
  2697 | D:3      | Found a glowing silver altar of Zin.
  2697 | D:3      | Noticed Natasha
  2705 | D:3      | Killed Natasha
  2711 | D:3      | Found a sparkling altar of Nemelex Xobeh.
  2805 | D:3      | Found a faded altar of an unknown god.
  2805 | D:3      | Noticed Natasha
  2813 | D:3      | Killed Natasha
  2869 | D:4      | Found a stormy altar of Qazlal.
  2880 | D:4      | Found a runed translucent door.
  2880 | D:4      | Noticed a human
  2883 | D:4      | Found a basalt altar of Yredelemnul.
  2903 | D:4      | Killed a human
  2904 | D:4      | Reached skill level 1 in Evocations
  2904 | D:4      | Reached XP level 7. HP: 56/61 MP: 6/6
  3107 | D:4      | Reached skill level 7 in Axes
  3223 | D:4      | Found a runed translucent door.
  3224 | D:4      | Noticed Crazy Yiuf
  3299 | D:4      | Found a glowing golden altar of the Shining One.
  3367 | D:4      | Reached skill level 5 in Throwing
  3676 | D:4      | Reached XP level 8. HP: 55/70 MP: 7/7
  3891 | D:4      | Killed Crazy Yiuf
  3891 | D:4      | Reached *** piety under Trog
  4020 | D:5      | Entered Level 5 of the Dungeon
  4288 | D:5      | Noticed Edmund
  4307 | D:5      | Killed Edmund
  4308 | D:5      | Reached skill level 8 in Axes
  4615 | D:5      | Noticed Pikel
  4632 | D:5      | Killed Pikel
  4813 | D:5      | Reached XP level 9. HP: 78/78 MP: 8/8
  4920 | D:5      | Reached skill level 9 in Axes
  5435 | D:6      | Reached skill level 1 in Shields
  5584 | D:6      | Noticed Grinder
  5591 | D:6      | Found Dinet's Specific Store.
  5600 | D:6      | Paralysed by Grinder for 2 turns
  5604 | D:6      | Killed Grinder
  5671 | D:6      | Found Ziph's General Store.
  5715 | D:6      | Reached skill level 5 in Evocations
  5857 | D:6      | Found Tyoptut's Serpentskin Sales.
  6011 | D:6      | Found a bloodstained altar of Trog.
  6013 | D:6      | Found an opulent altar of Gozag.
  6233 | D:7      | Reached **** piety under Trog
  6407 | D:7      | Found a staircase to the Ecumenical Temple.
  6432 | D:7      | Reached skill level 10 in Axes
  7100 | D:7      | Reached XP level 10. HP: 86/86 MP: 9/9
  7439 | D:8      | Found a flagged portal.
  7446 | Bailey   | Entered a bailey
  7453 | Bailey   | Noticed an orc knight
  7835 | Bailey   | Killed an orc knight
  7908 | Bailey   | Reached skill level 5 in Shields
  8450 | D:8      | Noticed a two-headed ogre
  8459 | D:8      | Killed a two-headed ogre
  8894 | D:9      | Reached skill level 11 in Axes
  9545 | D:9      | Reached ***** piety under Trog
  9775 | D:9      | Found a staircase to the Lair.
  9915 | D:9      | Received a gift from Trog
 10098 | D:9      | Reached XP level 11. HP: 50/95 MP: 10/10
 10575 | D:9      | Noticed Maurice
 10583 | D:9      | Killed Maurice
 10881 | D:10     | Entered Level 10 of the Dungeon
 11505 | D:10     | Noticed a two-headed ogre
 11516 | D:10     | Killed a two-headed ogre
 11897 | D:10     | Found a blossoming altar of Fedhas.
 12561 | D:11     | Noticed a two-headed ogre
 12573 | D:11     | Killed a two-headed ogre
 12574 | D:11     | Reached skill level 12 in Axes
 13401 | D:12     | Noticed a brown ugly thing
 13423 | D:12     | Killed a brown ugly thing
 13733 | D:12     | Noticed a centaur warrior
 13744 | D:12     | Killed a centaur warrior
 13757 | D:12     | Reached skill level 10 in Throwing
 13793 | D:12     | Noticed a sixfirhy
 14390 | D:12     | Noticed a skeletal warrior
 14390 | D:12     | Noticed a skeletal warrior
 14391 | D:12     | Noticed a skeletal warrior
 14403 | D:12     | Killed a skeletal warrior
 14404 | D:12     | Reached XP level 12. HP: 104/104 MP: 11/11
 14414 | D:12     | HP: 5/104 [skeletal warrior[a skeletal warrior] (3)]
 15359 | D:12     | Found a staircase to the Orcish Mines.
 15733 | D:12     | Shot with an arrow by a deep elf archer

Illustrated notes

Levels and vault maps discovered:
D:1:      minmay_arrival_stair_chambers, layout_loops_ring
D:2:      layout_rooms, basic_altar
D:3:      layout_rooms, gammafunk_temple_overflow_statue,
          hellmonk_ecumenical_altar_inner_sanctum, uniq_natasha, uniq_sigmund
D:4:      layout_cave_pools, dk_yredelemnul_ordeal, tso_oasis_becter,
          nicolae_qazlal_eye_of_the_storm, grunt_ministairs_2,
          uniq_crazy_yiuf_cottage
D:5:      layout_basic, st_stairs_9, uniq_edmund, uniq_pikel
D:6:      layout_basic, grunt_temple_overflow_open, nicolae_specific_store,
          chequers_serial_rivers_micro_b, guppyfry_shop_venom, uniq_grinder
D:7:      layout_gridville, minmay_temple_entry_butterflies
D:8:      layout_rooms, enter_bailey_3, nicolae_elevator_lobby_plus
D:9:      layout_basic, erik_lair_orcish_takeover, st_stairs_11, minivault_22,
          minmay_splitting_lines, uniq_maurice
D:10:     layout_irregular_city, fedhas_bush_and_centaur_altar
D:11:     layout_cave_pools
D:12:     layout_basic, david_orc_4, grunt_decor_one_mirror,
          beargit_elvish_explorers

Skill      XL: |  1  2  3  4  5  6  7  8  9 10 11 12 |
---------------+-------------------------------------+-----
Axes           | 4 5 6 7 8 10 11 12 | 12.9
Throwing       | 1 2 3 4 5 6 7 9 10 | 10.5
Fighting       | 4 5 6 7 8 9 |  9.5
Evocations     | 1 2 4 5 6 8 |  8.4
Shields        | 4 6 8 9 |  9.1
Armour         | |  2.4
Dodging        | |  2.1

Action                   |  1- 3 |  4- 6 |  7- 9 | 10-12 || total
-------------------------+-------+-------+-------+-------++-------
Melee: Hand axe          |    61 |    61 |       |       ||   122
       Headbutt          |     8 |     7 |    64 |   103 ||   182
       Whip              |       |    21 |   342 |   135 ||   498
       Unarmed           |       |    10 |       |       ||    10
       Punch             |       |       |     2 |       ||     2
       Broad axe         |       |       |       |   378 ||   378
Throw: Stone             |     3 |     3 |    65 |   174 ||   245
       Boomerang         |       |       |       |     4 ||     4
       Dart              |       |       |       |     2 ||     2
Invok: Berserk           |       |     1 |     1 |     5 ||     7
  Use: Scroll            |       |     5 |     2 |     8 ||    15
       Potion            |       |       |       |     3 ||     3
 Stab: Distracted        |       |       |       |     1 ||     1
Armor: Leather armour    |    10 |       |       |       ||    10
       Plate armour      |    10 |    47 |       |       ||    57
       Skin              |       |     4 |       |       ||     4
       Gold dragon scale |       |       |   230 |   410 ||   640
Dodge: Dodged            |    45 |    41 |    40 |    79 ||   205
Block: Kite shield       |       |       |    24 |   290 ||   314
       Buckler           |       |       |    17 |       ||    17
